 Dungeon Crawl Stone Soup version 0.31-a0-167-g1c394c0614 (webtiles) character file.

Game seed: 17897729925958102608

46 qw the Shooter (level 3, 0/32 HPs)
             Began as a Naga Hunter on June 14, 2023.
             Slain by a hobgoblin (2 damage)
             ... led by Robin
             ... on level 2 of the Dungeon.
             The game lasted 00:00:22 (1053 turns).

qw the Shooter (Naga Hunter)                        Turns: 1053, Time: 00:00:23

Health: 0/32       AC:  2    Str: 13    XL:     3   Next: 66%
Magic:  3/3        EV:  9    Int:  9    God:
Gold:   65         SH:  0    Dex: 16    Spells: 2/2 levels left

rFire   . . .        Y - +0 shortbow
rCold   . . .        (shield currently unavailable)
rNeg    . . .        c - +0 leather armour
rPois   +            (no helmet)
rElec   .            (no cloak)
rCorr   .            (no gloves)
SInv    +            (no barding)
Will    .....        (no amulet)
Stlth   ++           (no ring)
HPRegen 0.25/turn    (no ring)
MPRegen 0.08/turn

%: no passive effects
@: about to teleport, short of breath, very slow
A: AC +1, large, see invisible, deformed body, poison resistance, slowness 2,
spit poison 1, naga tail 1
a: Spit Poison


You were on level 2 of the Dungeon.
You visited 1 branch of the dungeon, and saw 2 of its levels.

You collected 65 gold pieces.


Innate Abilities, Weirdness & Mutations

Your serpentine skin is tough. (AC +1)
You have supernaturally acute eyesight. (SInv)
Armour fits poorly on your strangely shaped body.
Your system is resistant to poisons. (rPois)
You cover ground very slowly.
You can spit poison.
You have a snake-like lower body.


   Skills:
 - Level 2.0 Fighting
 + Level 4.8 Ranged Weapons
 - Level 1.5 Dodging
 - Level 1.5 Stealth


You had 2 spell levels left.
You didn't know any spells.
Your spell library was empty.

Inventory:

Hand Weapons
 Y - a +0 shortbow (weapon)
Armour
 c - a +0 leather armour (worn)
Scrolls
 j - 3 scrolls of teleportation
Potions
 g - a potion of experience {unknown}
 k - a potion of attraction {unknown}

Dungeon Overview and Level Annotations

Branches:
Dungeon (2/15)

Altars:

Annotations:
D:2 Robin


Message History

A goblin comes into view. It is wielding a +0 dagger.
You shoot an arrow. The arrow closely misses the goblin.
A hobgoblin comes into view.
You shoot an arrow. The arrow hits the goblin.
You kill the goblin!
You have got your breath back.
Robin throws the goblin at you!
A hobgoblin comes into view.
The goblin misses you.
1048 ||| INVOKING Spit Poison.
Aiming: Spit Poison (2% risk of failure)
Press: ? - help, Shift-Dir - straight line, f - goblin The splash of poison misses the goblin.
Robin roars a battlecry!
The goblins go into a battle-frenzy!
The goblin hits you but does no damage.
A goblin comes into view. It is wielding a +0 club.
The hobgoblin shouts!
You shoot an arrow. The arrow completely misses the goblin.
The arrow closely misses the goblin.
The goblin shouts!
A goblin comes into view. It is wielding a +0 club.
The goblin hits you with a +0 dagger. x2
A goblin comes into view. It is wielding a +0 club.
The goblin hits you with a +0 dagger. The goblin hits you but does no damage.
You shoot an arrow. The arrow hits the goblin!
You kill the goblin!
The goblin hits you but does no damage. The goblin hits you with a +0 club.
You shoot an arrow. The arrow hits the goblin!
You kill the goblin!
The goblin hits you with a +0 dagger.
You shoot an arrow. The arrow hits Robin.
Robin is moderately wounded.
The hobgoblin hits you. Robin throws the goblin at you!
The goblin hits you with a +0 dagger.
1053 ||| READING 4 scrolls of teleportation.
As you read the scroll of teleportation, it crumbles to dust.
You feel strangely unstable. The hobgoblin hits you.
You die...

#.# #.......# # #.#
####.#### # #.# #.# #
#.#### ##+## # #....#
##...## # ####.#
##.....## # ##.##
##.......## #
##.g.####.........###
#...@g..+.........'..
##.gg####.........###
....gg. ##.......## #
#....g.). ##.....## #
#......... ##...##
#.........# ##'##
#.........# #.#
#.........# #.# ##.##


You could see Robin, 2 hobgoblins and 4 goblins.

Vanquished Creatures
  A dart slug (D:1)
  A ball python (D:1)
  7 endoplasms
  A giant cockroach (D:1)
  3 hobgoblins (D:1)
  6 jackals (D:1)
  2 kobolds
  A quokka (D:1)
  4 bats (D:1)
  2 frilled lizards
  7 goblins
  2 rats (D:1)
37 creatures vanquished.

Notes
Turn   | Place    | Note
-------+----------+-------------------------------------------
     0 | D:1      | qw the Naga Hunter began the quest for the Orb.
     0 | D:1      | Reached XP level 1. HP: 19/19 MP: 1/1
     0 | D:1      | 0 ||| qw: Version: 0.2-a-29-g1fa15c8
     0 | D:1      | 0 ||| qw: Game counter: 5084
     0 | D:1      | 0 ||| qw: Always use a shield: true
     0 | D:1      | 0 ||| qw: God list: Okawaru
     0 | D:1      | 0 ||| qw: Allow faded altars: false
     0 | D:1      | 0 ||| qw: Do Orc after D:15 true
     0 | D:1      | 0 ||| qw: Do second Lair branch before Depths: true
     0 | D:1      | 0 ||| qw: Lair rune preference: random
     0 | D:1      | 0 ||| qw: Plans: Normal
     0 | D:1      | 0 ||| PLANNING D:1-11
    22 | D:1      | 22 ||| INVOKING Spit Poison.
    34 | D:1      | 34 ||| INVOKING Spit Poison.
    43 | D:1      | 43 ||| INVOKING Spit Poison.
    46 | D:1      | Reached skill level 4 in Ranged Weapons
    46 | D:1      | Reached XP level 2. HP: 26/26 MP: 2/2
    46 | D:1      | 46 ||| INVOKING Spit Poison.
    51 | D:1      | 51 ||| INVOKING Spit Poison.
    55 | D:1      | 55 ||| INVOKING Spit Poison.
    61 | D:1      | 61 ||| INVOKING Spit Poison.
    73 | D:1      | 73 ||| INVOKING Spit Poison.
    83 | D:1      | 83 ||| INVOKING Spit Poison.
    99 | D:1      | 99 ||| INVOKING Spit Poison.
   110 | D:1      | 110 ||| INVOKING Spit Poison.
   136 | D:1      | 136 ||| INVOKING Spit Poison.
   140 | D:1      | 140 ||| INVOKING Spit Poison.
   145 | D:1      | 145 ||| INVOKING Spit Poison.
   148 | D:1      | 148 ||| INVOKING Spit Poison.
   162 | D:1      | 162 ||| INVOKING Spit Poison.
   163 | D:1      | Reached XP level 3. HP: 27/32 MP: 3/3
   242 | D:1      | 242 ||| INVOKING Spit Poison.
   341 | D:1      | 341 ||| INVOKING Spit Poison.
   448 | D:1      | 448 ||| INVOKING Spit Poison.
   517 | D:1      | 517 ||| INVOKING Spit Poison.
   530 | D:1      | 530 ||| INVOKING Spit Poison.
   891 | D:1      | 891 ||| DROPPING amulet of magic regeneration.
   892 | D:1      | 892 ||| READING 2 scrolls labelled TAULUS WUEVVEL.
   893 | D:1      | 893 ||| READING scroll labelled DYCRUI WAYM.
   894 | D:1      | 894 ||| READING scroll labelled NUWUFE PIOXT.
   895 | D:1      | 895 ||| READING scroll labelled TOYBBA MUVYCZY.
   896 | D:1      | 896 ||| READING 2 scrolls labelled VISKUSK CETILI.
   899 | D:1      | 899 ||| DROPPING scroll of noise.
   900 | D:1      | 900 ||| DROPPING scroll of butterflies.
   984 | D:2      | 984 ||| INVOKING Spit Poison.
  1043 | D:2      | 1043 ||| INVOKING Spit Poison.
  1044 | D:2      | Noticed Robin
  1048 | D:2      | 1048 ||| INVOKING Spit Poison.
  1052 | D:2      | HP: 8/32 [hobgoblin[Robin] (2)]
  1052 | D:2      | HP: 2/32 [goblin/+0 dagger[Robin] (6)]
  1053 | D:2      | 1053 ||| READING 4 scrolls of teleportation.
  1053 | D:2      | Slain by a hobgoblin

Levels and vault maps discovered:
D:1:      scummos_arrival_star, layout_basic, serial_bayou_crossing
D:2:      layout_loops_corners, uniq_robin, uniq_crazy_yiuf_cottage

Skill      XL: |  1 |
---------------+----+-----
Ranged Weapons | 4 |  4.8
Fighting       | |  2.0
Dodging        | |  1.5
Stealth        | |  1.5

Action                     || total
---------------------------++-------
   Fire: Shortbow          ||    66
Ability: Spit Poison       ||    24
    Use: Scroll            ||     6
 Armour: Leather armour    ||    11
  Dodge: Dodged            ||    19

Table legend:
 A = Non-vault XP
 B = Vault XP
 C = Vault XP percentage of total XP
 D = Non-vault monster count
 E = Vault monster count
 F = Vault count percentage of total count
                 A         B        C        D         E       F
            +---------+---------+-------+---------+---------+-------
      Total |      58 |       8 |  12.1 |      33 |       4 |  10.8
            +---------+---------+-------+---------+---------+-------
        D:1 |      54 |       0 |   0.0 |      30 |       0 |   0.0
        D:2 |       4 |       8 |  66.7 |       3 |       4 |  57.1
            +---------+---------+-------+---------+---------+-------
